 Dungeon Crawl Stone Soup version 0.28-a0-863-g8cecda6153 (webtiles) character file.

Game seed: 17064251460619943551

90 blank1 the Skirmisher (level 4, -6/40 HPs)
             Began as a Hill Orc Fighter on Nov 18, 2021.
             Mangled by a phantom (8 damage)
             ... on level 3 of the Dungeon.
             The game lasted 00:03:49 (1998 turns).

blank1 the Skirmisher (Hill Orc Fighter)            Turns: 1998, Time: 00:03:49

Health: -6/40      AC:  8    Str: 19    XL:     4   Next: 56%
Magic:  4/4        EV: 10    Int:  8    God:
Gold:   103        SH:  4    Dex: 10    Spells: 3/3 levels left

rFire   . . .      SeeInvis .   a - +0 war axe
rCold   . . .      Faith    .   c - +0 buckler
rNeg    . . .      Spirit   .   b - +0 scale mail
rPois   .          Reflect  .   (no helmet)
rElec   .          Harm     .   (no cloak)
rCorr   .          Rampage  .   e - +0 pair of gloves
Will    .....                   (no boots)
Stlth   ..........              (no amulet)
HPRegen 0.13/turn               (no ring)
MPRegen 0.09/turn               (no ring)

@: no status effects
A: no striking features
a: no special abilities


You were on level 3 of the Dungeon.
You visited 1 branch of the dungeon, and saw 3 of its levels.

You collected 103 gold pieces.

Inventory:

Hand Weapons
 a - a +0 war axe (weapon)
Armour
 b - a +0 scale mail (worn)
 c - a +0 buckler (worn)
 e - a +0 pair of gloves (worn)
Jewellery
 k - a ring of positive energy
Scrolls
 g - 2 scrolls of fear
 j - a scroll of noise {unknown}
Potions
 d - a potion of might
 f - a potion of heal wounds {unknown}
 i - 2 potions of magic {unknown}
 l - 2 potions of curing {unknown}
 m - a potion of haste {unknown}


   Skills:
 + Level 4.2 Fighting
 + Level 3.6 Axes
 + Level 3.9 Armour
 + Level 1.2 Dodging
 + Level 3.8 Shields


You had 3 spell levels left.
You didn't know any spells.
Your spell library was empty.

Dungeon Overview and Level Annotations

Branches:
Dungeon (3/15)

Altars:
Xom

Shops:
D:1 =


Message History

The phantom closely misses you.
You closely miss the phantom.
The phantom is severely damaged.
The phantom hits you.
The phantom blinks!
You blink.
You barely miss the phantom.
The phantom is severely damaged.
The phantom hits you. The phantom barely misses you.
You closely miss the phantom.
The phantom is severely damaged.
The phantom hits you!
* * * LOW HITPOINT WARNING * * *
You barely miss the phantom.
The phantom is severely damaged.
The phantom hits you.
* * * LOW HITPOINT WARNING * * *
You slash the phantom!
The phantom is almost destroyed.
The phantom closely misses you.
The phantom hits you but does no damage.
You barely miss the phantom.
The phantom is almost destroyed.
The phantom hits you.
* * * LOW HITPOINT WARNING * * *
The phantom blinks!
You blink.
You barely miss the phantom.
The phantom is almost destroyed.
The phantom hits you but does no damage.
You barely miss the phantom.
The phantom is almost destroyed.
The phantom closely misses you. The phantom completely misses you.
You closely miss the phantom.
The phantom is almost destroyed.
The phantom hits you but does no damage.
You hit the phantom but do no damage.
The phantom is almost destroyed.
The phantom barely misses you.
You closely miss the phantom.
The phantom is almost destroyed.
The phantom closely misses you. The phantom hits you!
You die...

#.#..# #.# #.#..#
#.## #.#..# #..#
#....# # ##.#
#.... .#. #.# #..#
#.# #.#
#.######..## #.#
#.#
.......)...####.#
#.#
.........@...##.#
#.#
.#######.W..†##.#
#.#
#......(.#####.#
#..............#
.).....#.#########
######...# #####


You could see a phantom.

Vanquished Creatures
  4 adders
  2 worms (D:2)
  A dart slug (D:1)
  4 ball pythons
  2 endoplasms (D:2)
  2 giant cockroaches
  6 goblins
  A hobgoblin (D:1)
  3 jackals (D:2)
  3 quokkas
  4 bats
  4 frilled lizards
  7 kobolds
  4 rats (D:1)
47 creatures vanquished.

Notes
Turn   | Place    | Note
-------+----------+-------------------------------------------
     0 | D:1      | blank1 the Hill Orc Fighter began the quest for the Orb.
     0 | D:1      | Reached XP level 1. HP: 19/19 MP: 1/1
    83 | D:1      | Reached XP level 2. HP: 24/27 MP: 2/2
   267 | D:1      | Found Susoewn's Jewellery Boutique.
   639 | D:2      | Reached XP level 3. HP: 32/33 MP: 3/3
   652 | D:2      | Reached skill level 4 in Fighting
  1192 | D:2      | Reached skill level 1 in Dodging
  1256 | D:2      | Found a shimmering altar of Xom.
  1330 | D:2      | Reached XP level 4. HP: 40/40 MP: 4/4
  1966 | D:3      | Noticed a phantom
  1992 | D:3      | HP: 1/40 [phantom (4)]
  1998 | D:3      | Mangled by a phantom

Illustrated notes

Levels and vault maps discovered:
D:1:      onia_arrival_mini_maze, layout_rooms, serial_shops, shop,
          serial_bayou_pond_a, hangedman_decor_push
D:2:      layout_basic, basic_altar, nrook_uturn, minmay_cupped
D:3:      layout_loops_ring, serial_shops, nicolae_shop_waterfront,
          nicolae_wormholes

Skill      XL: |  1  2  3 |
---------------+----------+-----
Axes           | 3 |  3.6
Fighting       | 4 |  4.2
Dodging        | 1 |  1.2
Armour         | |  3.9
Shields        | |  3.8

Action                   |  1- 3 |  4- 6 || total
-------------------------+-------+-------++-------
Melee: War axe           |    98 |    71 ||   169
  Use: Scroll            |     1 |     1 ||     2
Armor: Scale mail        |    52 |    26 ||    78
Dodge: Dodged            |    49 |    28 ||    77
Block: Buckler           |    29 |    12 ||    41

Table legend: (Time is in decaauts)
 A = Elapsed time spent in this place.
 B = Non-inter-level travel time spent in this place.
 C = Inter-level travel time spent in this place.
 D = Time resting spent in this place.
 E = Time spent auto-exploring this place.
 F = Levels seen in this place.
 G = Mean time per level.
                   A        B        C        D        E       F      G
               +--------+--------+--------+--------+--------+-----+--------+
         Total |   2057 |   1980 |     77 |    179 |   1358 |   3 |  685.7 |
       Dungeon |   2057 |   1980 |     77 |    179 |   1358 |   3 |  685.7 |
               +--------+--------+--------+--------+--------+-----+--------+

Top non-repeatable levels by time:
     D:2: 1019 daAuts
     D:1: 772 daAuts
     D:3: 265 daAuts
